 Dungeon Crawl Stone Soup version 0.31-a0-145-g046c7d2549 (webtiles) character file.

Game seed: 17430314416410402427

173 Faragor the Magician (level 5, -2/28 HPs)
             Began as a Deep Elf Fire Elementalist on June 4, 2023.
             Was a Follower of Sif Muna.
             Slain by an iguana (3 damage)
             ... on level 4 of the Dungeon.
             The game lasted 00:25:09 (4413 turns).

Faragor the Magician (Deep Elf Fire Elementalist)   Turns: 4413, Time: 00:25:09

Health: -2/28      AC:  2    Str:  5      XL:     5   Next: 28%
Magic:  7/14       EV: 12    Int: 22      God:    Sif Muna [*.....]
Gold:   152        SH:  0    Dex: 13 (15) Spells: 8/14 levels left

rFire   . . .        f - +1 mace (drain)
rCold   . . .        (no shield)
rNeg    . . .        a - +0 robe
rPois   .            (helmet restricted)
rElec   .            (no cloak)
rCorr   .            (no gloves)
SInv    .            (no boots)
Will    .....        j - amulet of the acrobat
Stlth   ++           (no ring)
HPRegen 0.24/turn    (no ring)
MPRegen 0.14/turn

%: acrobat
@: weakened, channelling
A: antennae 1
a: Renounce Religion, Channel Magic


You were on level 4 of the Dungeon.
You worshipped Sif Muna.
Sif Muna was aware of your devotion.
You visited 1 branch of the dungeon, and saw 4 of its levels.

You collected 152 gold pieces.

Inventory:

Hand Weapons
 f - a +1 mace of draining (weapon)
 i - a +0 dagger
Armour
 a - a +0 robe (worn)
 g - a +0 animal skin
 h - a +0 helmet
Jewellery
 j - an amulet of the acrobat (around neck)
Wands
 l - a wand of polymorph (2)
Scrolls
 d - 2 scrolls of identify
 e - a scroll of enchant weapon
 k - a scroll of amnesia {unknown}
 p - a scroll of teleportation
Potions
 b - a potion of magic
 c - 3 potions of resistance
 m - a potion of haste
 n - 2 potions of might {unknown}
 o - a potion of curing {unknown}


   Skills:
 - Level 3.0 Dodging
 - Level 3.1 Stealth
 * Level 5.2 Spellcasting
 + Level 2.7 Conjurations
 + Level 4.2 Fire Magic


You had 8 spell levels left.
You knew the following spells:

 Your Spells              Type           Power      Damage    Failure   Level
a - Foxfire               Conj/Fire      84%        2x1d8     2%          1
b - Scorch                Fire           48%        2d7       2%          2
c - Volatile Blastmotes   Fire/Tloc      30%        2d12      12%         3

Your spell library contained the following spells:

 Spells                   Type           Power      Damage    Failure   Level
 Inner Flame              Hex/Fire       15%        N/A       12%         3
 Ensorcelled Hibernation  Hex/Ice        10%        N/A       16%         2
 Flame Wave               Conj/Fire      21%        2d8       24%         4
 Spider Form              Tmut/Pois      5%         N/A       30%         3
 Anguish                  Hex/Necr       2%         N/A       69%         4


Dungeon Overview and Level Annotations

Branches:
Dungeon (4/15)
 Temple: D:4-7

Altars:
Sif Muna


Innate Abilities, Weirdness & Mutations

You have a pair of small antennae on your head.


Message History

Confirm with . or Enter, or press ? or * to list all spells.
Flames lash the iguana.
The iguana is moderately wounded.
The iguana's fire resistance burns away.
The foxfire hits the gnoll bouda but does no damage.
The gnoll bouda is moderately wounded.
The foxfire hits the gnoll bouda but does no damage.
The gnoll bouda is moderately wounded.
Your magical contamination has completely faded away.
Casting: Scorch (safe; 2% risk of failure)
Confirm with . or Enter, or press ? or * to list all spells.
You conjure some foxfire!
The gnoll bouda barks out a call to the hunt!
The gnolls pick up the pace!
A gnoll comes into view. It is wielding a +0 halberd of venom.
Casting: Foxfire (safe; 2% risk of failure)
Confirm with . or Enter, or press ? or * to list all spells.
Flames lash the gnoll bouda.
The gnoll bouda is severely wounded.
The gnoll bouda's fire resistance burns away.
The foxfire hits the gnoll bouda.
The gnoll bouda is burned terribly!
The gnoll bouda is almost dead.
The foxfire hits the gnoll bouda.
The gnoll bouda is burned terribly!
You kill the gnoll bouda!
Sif Muna accepts your kill. The iguana bites you!
Ouch! That really hurt!
Your Spellcasting skill increases to level 5!
The iguana is no longer more vulnerable to fire.
The iguana barely misses you.
Casting: Scorch (safe; 2% risk of failure)
Confirm with . or Enter, or press ? or * to list all spells.
Flames lash the gnoll.
The gnoll is lightly wounded.
The gnoll's fire resistance burns away.
The gnoll barely misses you.
The gnoll hits you from afar with a +0 halberd!
Ouch! That really hurt!
* * * LOW HITPOINT WARNING * * *
The iguana bites you.
You die...

#......................# ..
...........##..............
............#..#####.......
..........#.)..#[($#...#...
..........###..#$$$#..##...
..........###..#($!#..## .
#........###...#####....
#........##.............
................@)gg)...
..........#.#...gl......
............#...........
...........##...........
..........#......###....
#...........#....# #...
##.........##..... ...
###..<...###....## ..
#......#


You could see an iguana and 3 gnolls.

Vanquished Creatures
  A gnoll bouda (D:4)
  Robin (D:2)
  A gnoll (D:4)
  4 adders
  An ufetubus (D:4)
  2 worms (D:2)
  2 dart slugs (D:2)
  An orc (D:3)
  5 ball pythons
  3 bats
  6 endoplasms
  2 giant cockroaches (D:1)
  6 hobgoblins
  2 jackals (D:2)
  8 quokkas
  9 frilled lizards
  11 goblins
  4 kobolds
  3 rats
72 creatures vanquished.

Vanquished Creatures (others)
  161 foxfires
161 creatures vanquished.

Grand Total: 233 creatures vanquished

Notes
Turn   | Place    | Note
-------+----------+-------------------------------------------
     0 | D:1      | Faragor the Deep Elf Fire Elementalist began the quest for
                  | the Orb.
     0 | D:1      | Reached XP level 1. HP: 10/10 MP: 6/6
   482 | D:1      | Reached XP level 2. HP: 15/15 MP: 4/8
  1030 | D:1      | Gained mutation: You have a pair of small antennae on your
                  | head. [potion of mutation]
  1405 | D:2      | Reached XP level 3. HP: 19/19 MP: 0/9
  1916 | D:2      | Learned a level 2 spell: Scorch
  2145 | D:2      | Noticed Robin
  2158 | D:2      | Killed Robin
  2159 | D:2      | Reached skill level 4 in Spellcasting
  2159 | D:2      | Reached XP level 4. HP: 24/24 MP: 0/12
  2643 | D:2      | Found a shimmering blue altar of Sif Muna.
  2660 | D:2      | Became a worshipper of Sif Muna the Loreminder
  3634 | D:3      | Reached * piety under Sif Muna
  3651 | D:3      | Learned a level 3 spell: Volatile Blastmotes
  4406 | D:4      | Reached XP level 5. HP: 28/28 MP: 8/14
  4412 | D:4      | Reached skill level 5 in Spellcasting
  4413 | D:4      | HP: 1/28 [gnoll/+0 halberd[a gnoll bouda] (14)]
  4413 | D:4      | Slain by an iguana

Illustrated notes

Levels and vault maps discovered:
D:1:      wander_arrival_lonely_grave, layout_basic
D:2:      layout_basic, basic_altar, uniq_robin
D:3:      layout_basic
D:4:      layout_rooms, due_unseen_surprise

Skill      XL: |  1  2  3  4  5 |
---------------+----------------+-----
Stealth        | 3 |  3.1
Dodging        | 3 |  3.0
Conjurations   | 2 |  2.7
Spellcasting   | 4 5 |  5.2
Fire Magic     | 4 |  4.2

Action                     |  1- 3 |  4- 6 || total
---------------------------+-------+-------++-------
  Melee: Unarmed           |     2 |       ||     2
         Mace              |     6 |     3 ||     9
   Cast: Foxfire           |    68 |    49 ||   117
         Scorch            |     6 |    13 ||    19
         Volatile Blastmot |       |     2 ||     2
 Invoke: Channel Magic     |       |     1 ||     1
    Use: Scroll            |     4 |     5 ||     9
         Potion            |     2 |     2 ||     4
 Armour: Robe              |     3 |     3 ||     6
  Dodge: Dodged            |    28 |    18 ||    46

Table legend: (Time is in decaauts)
 A = Elapsed time spent in this place.
 B = Non-inter-level travel time spent in this place.
 C = Inter-level travel time spent in this place.
 D = Time resting spent in this place.
 E = Time spent auto-exploring this place.
 F = Levels seen in this place.
 G = Mean time per level.
                   A        B        C        D        E       F      G
               +--------+--------+--------+--------+--------+-----+--------+
         Total |   4400 |   4400 |      0 |   2069 |      0 |   4 | 1100.0 |
       Dungeon |   4400 |   4400 |      0 |   2069 |      0 |   4 | 1100.0 |
               +--------+--------+--------+--------+--------+-----+--------+

Top non-repeatable levels by time:
     D:2: 1485 daAuts
     D:1: 1392 daAuts
     D:3: 1134 daAuts
     D:4: 387 daAuts
